EL
BOWIE BAYSOX @ RICHMOND FLYING SQUIRRELS
06/14/2099
 
TOP OF THE 1ST
Bowie Baysox batting - Pitching for Richmond Flying Squirrels : RHP Zach Chapman
Pitching: RHP Zach Chapman
Batting: RHB Mark Squier 0-0: Called Strike
0-1: Called Strike
0-2: Ball
1-2: Foul Ball, location: 23F
1-2: Ground out 3-1 (Groundball, 34S, EV 81.3 MPH)
Batting: RHB Jason Farley 0-0: Called Strike
0-1: Foul Ball, location: 9LMF
0-2: Strikes out swinging
Batting: LHB Jesus Garcia 0-0: Ball
1-0: Foul Ball, location: 7LDF
1-1: Ball
2-1: Called Strike
2-2: Foul Ball, location: 7LMF
2-2: Ground out 5-3 (Groundball, 5, EV 85.6 MPH)
Top of the 1st over - 0 runs, 0 hits, 0 errors, 0 left on base; Bowie 0 - Richmond 0
BOTTOM OF THE 1ST
Richmond Flying Squirrels batting - Pitching for Bowie Baysox : LHP George Bennett
Pitching: LHP George Bennett
Batting: LHB Bill Curtis 0-0: Ball
1-0: Called Strike
1-1: SINGLE (Line Drive, 78S, EV 93.8 MPH)
Batting: RHB Dusty Sorenson 0-0: Called Strike
0-1: Called Strike
0-2: Ball
1-2: Ball
2-2: Ball
3-2: Strikes out swinging
Batting: RHB Craig Knopp 0-0: Ball
1-0: Ball
2-0: Fly out, F8 (Flyball, 8LXD, EV 83.8 MPH)
Batting: LHB Josh Layne 0-0: Ball
1-0: Ground out U3 (Groundball, 3S, EV 67.5 MPH)
Bottom of the 1st over - 0 runs, 1 hit, 0 errors, 1 left on base; Bowie 0 - Richmond 0
TOP OF THE 2ND
Bowie Baysox batting - Pitching for Richmond Flying Squirrels : RHP Zach Chapman
Batting: RHB George Champagne 0-0: Ball
1-0: Ground out 4-3 (Groundball, 4, EV 78.8 MPH)
Batting: LHB Jabari Matlock 0-0: Ball
1-0: Ball
2-0: Foul Ball, location: 3SF
2-1: Swinging Strike
2-2: Ball
3-2: Strikes out swinging
Batting: RHB B.J. Frantz 0-0: Called Strike
0-1: Swinging Strike
0-2: Ball
1-2: Strikes out swinging
Top of the 2nd over - 0 runs, 0 hits, 0 errors, 0 left on base; Bowie 0 - Richmond 0
BOTTOM OF THE 2ND
Richmond Flying Squirrels batting - Pitching for Bowie Baysox : LHP George Bennett
Batting: RHB Nawaf Shafeeq 0-0: Called Strike
0-1: Swinging Strike
0-2: Ball
1-2: Ball
2-2: Ball
3-2: DOUBLE (Line Drive, 9LM, EV 107.5 MPH)
Batting: LHB Eric Binder 0-0: Called Strike
0-1: Ball
1-1: Called Strike
1-2: Strikes out looking
Batting: RHB Kevin Berry 0-0: Ball
1-0: Ball
2-0: Ball
3-0: Called Strike
3-1: SINGLE (Line Drive, 5D, EV 96.9 MPH)
Nawaf Shafeeq to third
Runner from 3rd tries for Home, SAFE, throw by LF to home
Batting: SHB Paul DiPietro 0-0: Grounds into double play, 5-4-3 (Groundball, 56S, EV 83.8 MPH)
Bottom of the 2nd over - 1 run, 2 hits, 0 errors, 0 left on base; Bowie 0 - Richmond 1
TOP OF THE 3RD
Bowie Baysox batting - Pitching for Richmond Flying Squirrels : RHP Zach Chapman
Batting: RHB Joe Hutton 0-0: Ground out 6-3 (Groundball, 4M, EV 102.5 MPH)
Batting: LHB Scott Guzik 0-0: Ball
1-0: DOUBLE (Line Drive, 78M, EV 103.1 MPH)
Batting: RHB Adam Gray 0-0: Called Strike
0-1: Ground out 5-3 (Groundball, 56, EV 100.6 MPH)
Batting: RHB Mark Squier 0-0: Ball
1-0: Foul Ball, location: 2F
1-1: Foul Ball, location: 2F
1-2: Foul Ball, location: 2F
1-2: Ground out 6-3 (Groundball, 6, EV 79.4 MPH)
Top of the 3rd over - 0 runs, 1 hit, 0 errors, 1 left on base; Bowie 0 - Richmond 1
BOTTOM OF THE 3RD
Richmond Flying Squirrels batting - Pitching for Bowie Baysox : LHP George Bennett
Batting: RHB Alex Vasquez 0-0: Ball
1-0: Foul Ball, location: 7LDF
1-1: Foul Ball, location: 2F
1-2: Strikes out looking
Batting: LHB Bill Curtis 0-0: Called Strike
0-1: Foul Ball, location: 7LSF
0-2: Fly out, F7 (Line Drive, 78M, EV 91.3 MPH)
Batting: RHB Dusty Sorenson 0-0: Ball
1-0: Foul Ball, location: 5F
1-1: Foul Ball, location: 2F
1-2: Foul Ball, location: 25FF
1-2: Ground out 6-3 (Groundball, 6, EV 100.0 MPH)
Bottom of the 3rd over - 0 runs, 0 hits, 0 errors, 0 left on base; Bowie 0 - Richmond 1
TOP OF THE 4TH
Bowie Baysox batting - Pitching for Richmond Flying Squirrels : RHP Zach Chapman
Batting: RHB Jason Farley 0-0: Ball
1-0: Called Strike
1-1: Ball
2-1: Called Strike
2-2: Strikes out looking
Batting: LHB Jesus Garcia 0-0: Ball
1-0: Called Strike
1-1: Ball
2-1: Ball
3-1: Foul Ball, location: 2F
3-2: Base on Balls
Batting: RHB George Champagne 0-0: Ball
1-0: Called Strike
1-1: Ball
2-1: Ball
3-1: Base on Balls
Jesus Garcia to second
Batting: LHB Jabari Matlock 0-0: Ball
1-0: Called Strike
1-1: Ball
2-1: Ball
3-1: Foul Ball, location: 2F
3-2: Foul Ball, location: 2F
3-2: Base on Balls
Jesus Garcia to third
George Champagne to second
Batting: RHB B.J. Frantz 0-0: Ball
1-0: Ball
2-0: GRAND SLAM HOME RUN (Flyball, 9LD, EV 94.4 MPH), Distance : 354 ft
Batting: RHB Joe Hutton 0-0: Ground out 4-3 (Groundball, 4, EV 106.3 MPH)
Batting: LHB Scott Guzik 0-0: Fly out, F7 (Flyball, 7D, EV 90.6 MPH)
Top of the 4th over - 4 runs, 1 hit, 0 errors, 0 left on base; Bowie 4 - Richmond 1
BOTTOM OF THE 4TH
Richmond Flying Squirrels batting - Pitching for Bowie Baysox : LHP George Bennett
Batting: RHB Craig Knopp 0-0: Called Strike
0-1: Foul Ball, location: 3SF
0-2: Ground out 5-3 (Groundball, 56, EV 104.4 MPH)
Batting: LHB Josh Layne 0-0: Called Strike
0-1: Swinging Strike
0-2: Ball
1-2: Foul Ball, location: 7LSF
1-2: Strikes out swinging
Batting: RHB Nawaf Shafeeq 0-0: Fly out, F9 (Flyball, 89M, EV 88.1 MPH)
Bottom of the 4th over - 0 runs, 0 hits, 0 errors, 0 left on base; Bowie 4 - Richmond 1
TOP OF THE 5TH
Bowie Baysox batting - Pitching for Richmond Flying Squirrels : RHP Zach Chapman
Batting: RHB Adam Gray 0-0: Foul Ball, location: 2F
0-1: Ball
1-1: Swinging Strike
1-2: SINGLE (Groundball, 56S, EV 68.8 MPH) (infield hit)
Batting: RHB Mark Squier 0-0: Fly out, F7 (Flyball, 78M, EV 79.4 MPH)
Batting: RHB Jason Farley 0-0: Called Strike
0-1: Called Strike
0-2: Ball
1-2: Strikes out swinging
Batting: LHB Jesus Garcia 0-0: Ball
1-0: Foul Ball, location: 7LMF
1-1: Ball
2-1: Swinging Strike
2-2: Foul Ball, location: 3SF
2-2: Ball
3-2: Foul Ball, location: 5DF
3-2: Fly out, F6 (Line Drive, 6, EV 70.6 MPH)
Top of the 5th over - 0 runs, 1 hit, 0 errors, 1 left on base; Bowie 4 - Richmond 1
BOTTOM OF THE 5TH
Richmond Flying Squirrels batting - Pitching for Bowie Baysox : LHP George Bennett
Batting: LHB Eric Binder 0-0: Foul Ball, location: 2F
0-1: Foul Ball, location: 3SF
0-2: Strikes out looking
Batting: RHB Kevin Berry 0-0: Swinging Strike
0-1: Called Strike
0-2: Strikes out swinging
Batting: SHB Paul DiPietro 0-0: Called Strike
0-1: Ball
1-1: Ball
2-1: Foul Ball, location: 2F
2-2: Strikes out looking
Bottom of the 5th over - 0 runs, 0 hits, 0 errors, 0 left on base; Bowie 4 - Richmond 1
TOP OF THE 6TH
Bowie Baysox batting - Pitching for Richmond Flying Squirrels : RHP Zach Chapman
Pitching: LHP Max Camarena
Batting: RHB George Champagne 0-0: Ball
1-0: Ball
2-0: Ball
3-0: Called Strike
3-1: Base on Balls
Batting: LHB Jabari Matlock 0-0: Ball
1-0: Foul Ball, location: 7LDF
1-1: Ball
2-1: Ball
3-1: Called Strike
3-2: Strikes out swinging
Batting: RHB B.J. Frantz 0-0: Ball
1-0: Ball
2-0: Swinging Strike
2-1: Ball
3-1: SINGLE (Line Drive, 8RS, EV 89.4 MPH)
George Champagne to second
Runner from 2nd tries for 3rd, SAFE, throw by CF made to third
Batting: RHB Joe Hutton 0-0: Ball
1-0: Swinging Strike
1-1: Foul Ball, location: 3SF
1-2: Strikes out swinging
Batting: LHB Scott Guzik 0-0: Ball
1-0: Called Strike
1-1: Ground out 5-3 (Groundball, 56S, EV 88.8 MPH)
Top of the 6th over - 0 runs, 1 hit, 0 errors, 2 left on base; Bowie 4 - Richmond 1
BOTTOM OF THE 6TH
Richmond Flying Squirrels batting - Pitching for Bowie Baysox : LHP George Bennett
Batting: RHB Alex Vasquez 0-0: Ball
1-0: Ball
2-0: Called Strike
2-1: Swinging Strike
2-2: Strikes out swinging
Batting: LHB Bill Curtis 0-0: Ball
1-0: Called Strike
1-1: Foul Ball, location: 23FF
1-2: Ball
2-2: Strikes out looking
Batting: RHB Dusty Sorenson 0-0: Called Strike
0-1: Called Strike
0-2: Ball
1-2: Ball
2-2: Foul Ball, location: 2F
2-2: Foul Ball, location: 2F
2-2: Foul Ball, location: 2F
2-2: Foul Ball, location: 5FF
2-2: Foul Ball, location: 5SF
2-2: Foul Ball, location: 2F
2-2: Foul Ball, location: 3DF
2-2: Ground out 2-3 (Groundball, 15S, EV 68.8 MPH)
Bottom of the 6th over - 0 runs, 0 hits, 0 errors, 0 left on base; Bowie 4 - Richmond 1
TOP OF THE 7TH
Bowie Baysox batting - Pitching for Richmond Flying Squirrels : LHP Max Camarena
Batting: RHB Adam Gray 0-0: Ball
1-0: Swinging Strike
1-1: Ball
2-1: Called Strike
2-2: Strikes out swinging
Batting: RHB Mark Squier 0-0: Called Strike
0-1: Ball
1-1: Called Strike
1-2: Ball
2-2: Strikes out swinging
Batting: RHB Jason Farley 0-0: SINGLE (Line Drive, 8RS, EV 103.8 MPH)
Batting: LHB Jesus Garcia 0-0: Ball
1-0: Called Strike
1-1: Ball
2-1: Swinging Strike
2-2: Fly out, F8 (Line Drive, 78S, EV 95.0 MPH)
Top of the 7th over - 0 runs, 1 hit, 0 errors, 1 left on base; Bowie 4 - Richmond 1
BOTTOM OF THE 7TH
Richmond Flying Squirrels batting - Pitching for Bowie Baysox : LHP George Bennett
Batting: RHB Craig Knopp 0-0: Ball
1-0: Ball
2-0: Called Strike
2-1: Ball
3-1: Called Strike
3-2: Foul Ball, location: 2F
3-2: Foul Ball, location: 9LDF
3-2: Base on Balls
Batting: LHB Josh Layne 0-0: Foul Ball, location: 25F
0-1: Swinging Strike
0-2: Strikes out swinging
Batting: RHB Nawaf Shafeeq 0-0: Ball
1-0: Fielders Choice at 2nd, 6-4 (Groundball, 56, EV 108.1 MPH)
Batting: LHB Eric Binder 0-0: SINGLE (Line Drive, 3D, EV 95.6 MPH)
Nawaf Shafeeq to second
Runner from 2nd tries for 3rd, SAFE, throw by RF made to third
Batting: RHB Kevin Berry 0-0: SINGLE (Groundball, 4MD, EV 95.0 MPH)
Nawaf Shafeeq scores
Eric Binder to second
Runner from 2nd tries for 3rd, SAFE, no throw by CF
Batting: SHB Paul DiPietro 0-0: Swinging Strike
0-1: Swinging Strike
0-2: Ground out 4-3 (Groundball, 34S, EV 88.1 MPH)
Bottom of the 7th over - 1 run, 2 hits, 0 errors, 2 left on base; Bowie 4 - Richmond 2
TOP OF THE 8TH
Bowie Baysox batting - Pitching for Richmond Flying Squirrels : LHP Max Camarena
Batting: RHB George Champagne 0-0: Foul Ball, location: 7LSF
0-1: SOLO HOME RUN (Flyball, 78XD, EV 105.6 MPH), Distance : 408 ft
Pinch Hitting: RHB Jon Baker 0-0: Ball
1-0: Called Strike
1-1: Swinging Strike
1-2: Strikes out swinging
Batting: RHB B.J. Frantz 0-0: Called Strike
0-1: Called Strike
0-2: Ball
1-2: Foul Ball, location: 2F
1-2: Foul Ball, location: 2F
1-2: Ball
2-2: Ball
3-2: Base on Balls
Pitching: RHP Jules Hickman
Batting: RHB Joe Hutton 0-0: Ball
1-0: Foul Ball, location: 5FF
1-1: Grounds into double play, 6-4-3 (Groundball, 6, EV 85.6 MPH)
Top of the 8th over - 1 run, 1 hit, 0 errors, 0 left on base; Bowie 5 - Richmond 2
BOTTOM OF THE 8TH
Richmond Flying Squirrels batting - Pitching for Bowie Baysox : LHP George Bennett
Now at 1B: Chad Keaveney
Now in LF: Travis Pesola
Batting: RHB Alex Vasquez 0-0: Swinging Strike
0-1: Called Strike
0-2: Ball
1-2: Foul Ball, location: 9LDF
1-2: Ground out 6-3 (Groundball, 6M, EV 89.4 MPH)
Pitching: RHP Sergio Rosas
Batting: LHB Bill Curtis 0-0: SINGLE (Line Drive, 4MD, EV 97.5 MPH)
Batting: RHB Dusty Sorenson 0-0: Ball
1-0: Fly out, F7 (Flyball, 7LS, EV 89.4 MPH)
Batting: RHB Craig Knopp 0-0: Ball
1-0: Foul Ball, location: 7LDF
1-1: Ball
2-1: Ball
3-1: Fielders Choice at 2nd, 5-4 (Groundball, 5L, EV 87.5 MPH)
Bottom of the 8th over - 0 runs, 1 hit, 0 errors, 1 left on base; Bowie 5 - Richmond 2
TOP OF THE 9TH
Bowie Baysox batting - Pitching for Richmond Flying Squirrels : RHP Jules Hickman
Batting: LHB Scott Guzik 0-0: Called Strike
0-1: Foul Ball, location: 9LMF
0-2: Ball
1-2: Ball
2-2: Foul Ball, location: 7LDF
2-2: Foul Ball, location: 7LMF
2-2: Strikes out looking
Batting: RHB Adam Gray 0-0: Ground out U3 (Groundball, 34, EV 101.9 MPH)
Batting: RHB Mark Squier 0-0: Called Strike
0-1: Fly out, F9 (Flyball, 9LMF, EV 110.0 MPH)
Top of the 9th over - 0 runs, 0 hits, 0 errors, 0 left on base; Bowie 5 - Richmond 2
BOTTOM OF THE 9TH
Richmond Flying Squirrels batting - Pitching for Bowie Baysox : RHP Sergio Rosas
Batting: LHB Josh Layne 0-0: Swinging Strike
0-1: Foul Ball, location: 25FF
0-2: Fly out, F6 (Popup, 6MS, EV 70.0 MPH)
Batting: RHB Nawaf Shafeeq 0-0: Ball
1-0: Ground out 1-3 (Groundball, 15S, EV 68.1 MPH)
Batting: LHB Eric Binder 0-0: Fly out, F7 (Flyball, 7D, EV 93.8 MPH)
Bottom of the 9th over - 0 runs, 0 hits, 0 errors, 0 left on base; Bowie 5 - Richmond 2
Thursday, May 9th , 2024 - OOTP Baseball 24.11 Build 85